 Dungeon Crawl Stone Soup version 0.27-a0-585-g945025970d (webtiles) character file.

Game seed: 15227081505212690047

1648 Bapho the Carver (level 8, -1/67 HPs)
             Began as a Minotaur Abyssal Knight on Mar 10, 2021.
             Was a Priest of Lugonu.
             Slain by a gnoll
             ... wielding a +0 halberd
              (10 damage)
             ... on level 6 of the Dungeon.
             The game lasted 00:12:57 (7016 turns).

Bapho the Carver (Minotaur Abyssal Knight)          Turns: 7016, Time: 00:12:58

Health: -1/67      AC:  6    Str: 17    XL:     8   Next: 67%
Magic:  8/8        EV:  8    Int:  9    God:    Lugonu [***...]
Gold:   236        SH: 10    Dex: 12    Spells: 7/7 levels left

rFire    . . .     SeeInvis .   a - +2 falchion
rCold    . . .     Faith    .   c - +0 kite shield
rNeg     . . .     Spirit   .   k - +0 scale mail
rPois    .         Reflect  .   (helmet restricted)
rElec    .         Harm     .   (no cloak)
rCorr    .         Rampage  .   (no gloves)
Will     .....                  (no boots)
Stlth    ..........             (no amulet)
HPRegen  0.21/turn              (no ring)
MPRegen  0.11/turn              (no ring)

@: no status effects
A: horns 2, retaliatory headbutt
a: Renounce Religion, Depart the Abyss, Bend Space, Banish


You were on level 6 of the Dungeon.
You worshipped Lugonu.
Lugonu was most pleased with you.
You visited 1 branch of the dungeon, and saw 6 of its levels.
You visited the Abyss 1 time.

You collected 236 gold pieces.

Inventory:

Hand Weapons
 a - a +2 falchion (weapon)
Missiles
 g - 46 bolts
 i - 117 stones (quivered)
 q - 6 atropa-tipped darts
Armour
 b - a +0 leather armour
 c - a +0 kite shield (worn)
 h - a +1 leather armour of fire resistance
 k - a +0 scale mail (worn)
Jewellery
 m - a ring of fire
Scrolls
 d - 3 scrolls of identify {unknown}
 e - a scroll of random uselessness {unknown}
 l - 2 scrolls of teleportation
 n - 2 scrolls of fear
 p - a scroll of magic mapping
 r - a scroll of acquirement {unknown}
Potions
 f - 3 potions of haste {unknown}
 j - a potion of mutation {unknown}
 o - 3 potions of invisibility
 s - a potion of resistance {unknown}


   Skills:
 + Level 4.4 Fighting
 * Level 10.7 Long Blades
 - Level 2.7 Armour
 - Level 1.5 Dodging
 + Level 7.1 Shields
 - Level 1.7 Invocations


You had 7 spell levels left.
You didn't know any spells.
Your spell library was empty.

Dungeon Overview and Level Annotations

Branches:
Dungeon (6/15)             Temple (0/1) D:4

Altars:
Ashenzari
Uskayaw
Vehumet
Wu Jian
The Shining One


Innate Abilities, Weirdness & Mutations

You have a pair of horns on your head.
You reflexively headbutt those who attack you in melee.


Message History

You block the howler monkey's attack.
You closely miss the howler monkey.
The howler monkey is severely wounded.
The howler monkey barely misses you.
You slash the howler monkey!
You kill the howler monkey!
Lugonu accepts your kill.
You hit the gnoll shaman but do no damage.
The gnoll shaman is lightly wounded.
The gnoll shaman hits you with a +0 club.
You slash the gnoll shaman! Your headbutt misses the gnoll shaman.
The gnoll shaman is heavily wounded.
You block the gnoll's attack.
The gnoll shaman hits you with a +0 club.
You closely miss the gnoll shaman.
The gnoll shaman is heavily wounded.
You block the gnoll's attack.
The gnoll shaman hits you with a +0 club!
You hit the gnoll shaman. You headbutt the gnoll shaman.
The gnoll shaman is almost dead.
The gnoll hits you from afar with a +0 spear.
You block the gnoll shaman's attack.
You hit the gnoll shaman.
You kill the gnoll shaman!
Lugonu accepts your kill. You block the gnoll's attack.
The gnoll closely misses you. You block the gnoll's attack.
The gnoll hits you from afar with a +0 halberd.
* * * LOW HITPOINT WARNING * * *
The gnoll hits you with a +0 spear.
* * * LOW HITPOINT WARNING * * *
The gnoll hits you from afar with a +0 spear.
* * * LOW HITPOINT WARNING * * *
The gnoll barely misses you. The gnoll hits you but does no damage.
The gnoll hits you but does no damage.
The gnoll hits you from afar with a +0 halberd.
* * * LOW HITPOINT WARNING * * *
The gnoll hits you from afar with a +0 halberd!
You die...

+#
#......g......####
#.###..#.##......#
# ##.#.#######.#
#.#.g....##.#
#.######g#..# #.#
#.#.## #.# #g#.#
... #.#.# ##.
#@#.# . #.#.#
#.#.# #.#.# #.#.#
#.#.# #.#.# #.#.#
#.#


You could see 2 gnolls.

Vanquished Creatures
  Grinder (D:3)
  Sigmund (D:4)
  A wyvern (D:4)
  Menkaure (D:5)
  An ice beast (D:6)
  An ogre (D:3)
  A centaur (D:5)
  A bullfrog (D:5)
  A scorpion (D:5)
  2 howler monkeys
  A gnoll shaman (D:6)
  3 hounds
  4 worker ants
  2 orc wizards (D:4)
  Terence (D:2)
  8 adders
  10 gnolls
  A shadow imp (D:5)
  A white imp (D:6)
  2 ufetubi
  An ooze (D:3)
  3 worms
  3 dart slugs
  2 leopard geckos
  7 orcs
  3 ball pythons
  4 giant cockroaches
  12 goblins
  5 hobgoblins
  9 jackals (D:5)
  6 kobolds
  3 quokkas
  4 bats
  A frilled lizard (D:3)
  A leopard gecko zombie (D:5)
  A quokka zombie (D:5)
  8 rats
117 creatures vanquished.

Notes
Turn   | Place    | Note
-------+----------+-------------------------------------------
     0 | Abyss:1  | Bapho the Minotaur Abyssal Knight began the quest for the
                  | Orb.
     0 | Abyss:1  | Reached XP level 1. HP: 19/19 MP: 1/1
    31 | Abyss:1  | Noticed a tentacled starspawn
    33 | D:1      | Escaped the Abyss
   181 | D:1      | Reached * piety under Lugonu
   216 | D:1      | Reached XP level 2. HP: 24/27 MP: 2/2
   299 | D:1      | Reached skill level 3 in Long Blades
   968 | D:2      | Noticed Terence
   973 | D:1      | Reached XP level 3. HP: 32/33 MP: 3/3
   977 | D:2      | Killed Terence
   978 | D:2      | Reached skill level 4 in Long Blades
   978 | D:2      | Reached skill level 1 in Shields
  1097 | D:2      | Reached XP level 4. HP: 40/40 MP: 4/4
  1665 | D:2      | Found a glowing golden altar of the Shining One.
  2249 | D:3      | Found a broken altar of Ashenzari.
  2255 | D:3      | Noticed Grinder
  2270 | D:3      | Paralysed by Grinder for 2 turns
  2280 | D:3      | Paralysed by Grinder for 7 turns
  2289 | D:3      | Killed Grinder
  2290 | D:3      | Reached skill level 6 in Long Blades
  2290 | D:3      | Reached XP level 5. HP: 46/46 MP: 5/5
  2290 | D:3      | Reached XP level 6. HP: 52/52 MP: 6/6
  2404 | D:3      | HP: 2/52 [gnoll/+0 flail (9)]
  3062 | D:3      | Reached ** piety under Lugonu
  3555 | D:3      | Found an ornate altar of the Wu Jian Council.
  3580 | D:3      | Found a radiant altar of Vehumet.
  3587 | D:3      | Found a hide-covered altar of Uskayaw.
  3717 | D:3      | Reached skill level 7 in Long Blades
  4039 | D:4      | Reached XP level 7. HP: 55/58 MP: 7/7
  4432 | D:4      | Reached skill level 8 in Long Blades
  4599 | D:4      | Found a staircase to the Ecumenical Temple.
  4648 | D:4      | Reached skill level 5 in Shields
  4652 | D:4      | Noticed a wyvern
  4673 | D:4      | Killed a wyvern
  4870 | D:4      | Noticed Sigmund
  4885 | D:4      | Killed Sigmund
  4886 | D:4      | Reached skill level 9 in Long Blades
  5444 | D:5      | Entered Level 5 of the Dungeon
  5454 | D:5      | Reached XP level 8. HP: 34/66 MP: 8/8
  6096 | D:5      | Noticed Menkaure
  6112 | D:5      | Killed Menkaure
  6113 | D:5      | Reached skill level 10 in Long Blades
  6970 | D:6      | Reached *** piety under Lugonu
  7016 | D:6      | Slain by a gnoll

Illustrated notes

Levels and vault maps discovered:
D:1:      nagdon_arrival_zigzag_paths, layout_loops_ring
D:2:      layout_rooms, nicolae_tso_carved_into_rock, chequers_mini_garden,
          guppyfry_early_lair_pool, uniq_terence
D:3:      layout_loops_ring, minmay_overflow_temple_star_quad,
          nicolae_ashenzari_skybound, amcnicky_mini_corridor_feature,
          fountainhead, minmay_misc_feat_tower, skrybe_limestone_x,
          minmay_ogre_servants, uniq_grinder
D:4:      layout_rooms, minmay_temple_entry_drinking_statues,
          serial_co_window_serial, co_window_of_opportunity_a,
          co_window_cross_1, co_window_paths_b, co_window_corner_a,
          co_window_paths_a, co_window_broadway_b, co_window_of_opportunity_b,
          co_window_corner_cb, co_window_corner_cb, co_window_corner_b,
          co_window_broadway_b, co_window_2corner, co_window_4corner_b,
          co_window_paths_d, glass_columns_a, uniq_sigmund
D:5:      layout_rooms, uniq_menkaure
D:6:      layout_basic, kennysheep_mini_moat

Skill      XL: |  1  2  3  4  5  6  7  8 |
---------------+-------------------------+-----
Long Blades    | 3 4 6 7 9 10 | 10.7
Shields        | 1 3 4 6 7 |  7.1
Fighting       | 4 |  4.4
Armour         | |  2.7
Dodging        | |  1.5
Invocations    | |  1.7

Action                   |  1- 3 |  4- 6 |  7- 9 || total
-------------------------+-------+-------+-------++-------
Melee: Falchion          |    50 |   142 |   170 ||   362
       Headbutt          |    10 |    13 |    33 ||    56
Throw: Stone             |    16 |    73 |    71 ||   160
Invok: Depart the Abyss  |     1 |       |       ||     1
       Bend Space        |       |       |     1 ||     1
  Use: Potion            |       |     6 |       ||     6
       Scroll            |       |     4 |       ||     4
Armor: Leather armour    |    18 |       |       ||    18
       Scale mail        |     1 |    38 |    43 ||    82
       Skin              |       |    13 |       ||    13
Dodge: Dodged            |    22 |    32 |    46 ||   100
Block: Kite shield       |    13 |    47 |    69 ||   129
       Rpst.: Falchion   |     5 |     7 |    11 ||    23

Table legend: (Time is in decaauts)
 A = Elapsed time spent in this place.
 B = Non-inter-level travel time spent in this place.
 C = Inter-level travel time spent in this place.
 D = Time resting spent in this place.
 E = Time spent auto-exploring this place.
 F = Levels seen in this place.
 G = Mean time per level.
                   A        B        C        D        E       F      G
               +--------+--------+--------+--------+--------+-----+--------+
         Total |   7130 |   6950 |    180 |   1113 |   4693 |   7 | 1018.6 |
       Dungeon |   7097 |   6917 |    180 |   1113 |   4685 |   6 | 1182.8 |
         Abyss |     33 |     33 |      0 |      0 |      8 |   1 |   33.0 |
               +--------+--------+--------+--------+--------+-----+--------+

Top non-repeatable levels by time:
     D:3: 1677 daAuts
     D:4: 1580 daAuts
     D:2: 1427 daAuts
     D:1: 961 daAuts
     D:5: 935 daAuts
     D:6: 515 daAuts
 Abyss:1: 33 daAuts
